 Dungeon Crawl Stone Soup version 0.31-a0-214-gb37851dbb3 (webtiles) character file.

Game seed: 14551198849087489514

565 qw the Chopper (level 7, 0/44 HPs)
             Began as a Gargoyle Fighter on July 1, 2023.
             Slain by Pikel
             ... wielding a +1 whip of flaming
              (3 damage)
             ... on level 4 of the Dungeon.
             The game lasted 00:01:27 (3086 turns).

qw the Chopper (Gargoyle Fighter)                   Turns: 3086, Time: 00:01:27

Health: 0/44       AC: 15    Str: 22      XL:     7   Next: 32%
Magic:  7/7        EV: 13    Int:  6 (8)  God:
Gold:   144        SH:  4    Dex:  9      Spells: 6/6 levels left

rFire   . . .        Y - +0 war axe
rCold   . . .        c - +0 buckler
rNeg    + . .        p - +0 chain mail
rPois   inf          a - +0 helmet
rElec   +            (no cloak)
rCorr   .            (no gloves)
SInv    .            (no boots)
Will    .....        (no amulet) Stlth
                     i - +5 ring of evasion
HPRegen 0.27/turn    (no ring)
MPRegen 0.10/turn

%: no passive effects
@: no status effects
A: sickness immunity, AC +4, negative energy resistance 1, electricity
resistance, torment resistance 1, petrification resistance
a: no special abilities


You were on level 4 of the Dungeon.
You visited 1 branch of the dungeon, and saw 4 of its levels.

You collected 144 gold pieces.


Innate Abilities, Weirdness & Mutations

You are immune to sickness and miasma.
Your stone body is resilient. (AC +4)
You are immune to poison.
You resist negative energy. (rN+)
You are resistant to electric shocks. (rElec)
You are resistant to unholy torment.
You are immune to petrification.


   Skills:
 - Level 4.4 Fighting
 - Level 6.3 Axes
 - Level 1.1 Throwing
 - Level 3.2 Armour
 + Level 0.7 Dodging
 - Level 3.2 Shields


You had 6 spell levels left.
You didn't know any spells.
Your spell library was empty.

Inventory:

Hand Weapons
 k - a +0 mace
 Y - a +0 war axe (weapon)
Missiles
 h - 4 javelins (quivered)
Armour
 a - a +0 helmet (worn)
 c - a +0 buckler (worn)
 p - a +0 chain mail (worn)
Jewellery
 g - a ring of wizardry
 i - a +5 ring of evasion (left hand)
 l - an amulet of the acrobat
Scrolls
 m - 3 scrolls of teleportation
Potions
 b - 2 potions of lignification {unknown}
 d - 2 potions of might
 e - a potion of curing {unknown}
 f - a potion of mutation {unknown}
 j - a potion of magic
 n - a potion of heal wounds {unknown}

Dungeon Overview and Level Annotations

Branches:
Dungeon (4/15)             Temple (0/1) D:4

Altars:
Dithmenos
Hepliaklqana
Nemelex Xobeh
Qazlal
Wu Jian

Annotations:
D:4 Pikel


Message History

You barely miss Pikel. You slash the lemure! Pikel misses you.
The lemure closely misses you.
You slash the lemure!
The lemure is severely wounded.
You closely miss Pikel. The lemure hits you. Pikel misses you.
You miss the lemure.
The lemure is severely wounded.
You hit Pikel but do no damage. You block Pikel's attack.
The lemure completely misses you.
You slash the lemure!
You kill the lemure!
That felt strangely unrewarding.
You slash Pikel! Pikel barely misses you. The lemure closely misses you.
Pikel hits you with a +1 whip of flaming.
Pikel burns you.
You slash Pikel!
Pikel is heavily wounded.
You miss the lemure. Pikel hits you but does no damage.
You block the lemure's attack.
You barely miss Pikel.
Pikel is heavily wounded.
You hit the lemure.
Pikel hits you with a +1 whip of flaming!
Pikel burns you. The lemure closely misses you.
You closely miss Pikel.
Pikel is heavily wounded.
You hit the lemure. You block Pikel's attack. The lemure hits you.
You miss Pikel.
Pikel is heavily wounded.
You hit the lemure but do no damage. Pikel closely misses you.
The lemure hits you.
You closely miss Pikel.
Pikel is moderately wounded.
You hit the lemure.
Pikel hits you with a +1 whip of flaming!
Pikel burns you.
The lemure hits you but does no damage. x2
Pikel hits you with a +1 whip of flaming.
You die...

###############
........#.....#
###.#.###.# #.......#.#
#####.#.#.#.#.#
..#....<..#.#.#####
#.#.#.#.#...#.#...
#.#.#.....#.#.#5###.##
###.#"####......@K55....
...........##########.##
.###........##..##..# .#
.)###.......##..##..###
.#
#.##........#%##.%##[[#
.># .
#.##....#####.##..##..#
#####.##. ..##.##.#
#.######### #........
...#....##
#.####....###........
.........#
##.)..####.##........


You could see Pikel and 3 lemures.

Vanquished Creatures
  A wyvern (D:4)
  An ogre (D:4)
  A lemure (D:4)
  Blork the orc (D:4)
  2 jellies (D:4)
  A sleepcap (D:4)
  Jessica (D:2)
  Robin (D:2)
  4 gnolls
  3 adders
  A worm (D:3)
  A dart slug (D:1)
  An orc (D:3)
  7 endoplasms
  4 giant cockroaches
  8 hobgoblins
  5 jackals (D:1)
  7 kobolds
  4 quokkas
  11 ball pythons
  3 bats
  7 frilled lizards
  10 goblins
  8 rats
93 creatures vanquished.

Notes
Turn   | Place    | Note
-------+----------+-------------------------------------------
     0 | D:1      | qw the Gargoyle Fighter began the quest for the Orb.
     0 | D:1      | Reached XP level 1. HP: 14/14 MP: 1/1
     0 | D:1      | 0 ||| qw: Version: 0.3-a-32-g5962c71
     0 | D:1      | 0 ||| qw: Game counter: 7411
     0 | D:1      | 0 ||| qw: Melee chars always use a shield: true
     0 | D:1      | 0 ||| qw: God list: Okawaru
     0 | D:1      | 0 ||| qw: Allow faded altars: false
     0 | D:1      | 0 ||| qw: Do Orc after clearing Dungeon:15 true
     0 | D:1      | 0 ||| qw: Do second Lair branch before Depths: true
     0 | D:1      | 0 ||| qw: Lair rune preference: random
     0 | D:1      | 0 ||| qw: Goals: Normal, Zot:1-4, Slime:5, God:TSO, Crypt,
                  | Tomb, Abyss, Pan, Hells, Win
     0 | D:1      | 0 ||| PLANNING D:1-11
    24 | D:1      | Reached skill level 2 in Axes
    60 | D:1      | Reached XP level 2. HP: 19/19 MP: 2/2
    66 | D:1      | 66 ||| Stepping ~*~*~tactically~*~*~ (hiding).
    67 | D:1      | 67 ||| Stepping ~*~*~tactically~*~*~ (hiding).
    82 | D:1      | 82 ||| Stepping ~*~*~tactically~*~*~ (stealth).
   109 | D:1      | Reached skill level 3 in Axes
   211 | D:1      | Reached XP level 3. HP: 23/23 MP: 3/3
   263 | D:1      | 263 ||| Stepping ~*~*~tactically~*~*~ (hiding).
   344 | D:1      | Found a faded altar of an unknown god.
   392 | D:1      | 392 ||| DROPPING +0 whip.
   396 | D:1      | 396 ||| Stepping ~*~*~tactically~*~*~ (stealth).
   400 | D:1      | 400 ||| Stepping ~*~*~tactically~*~*~ (stealth).
   445 | D:1      | 445 ||| Stepping ~*~*~tactically~*~*~ (stealth).
   468 | D:1      | 468 ||| Stepping ~*~*~tactically~*~*~ (hiding).
   766 | D:1      | 766 ||| Stepping ~*~*~tactically~*~*~ (stealth).
   769 | D:1      | 769 ||| Stepping ~*~*~tactically~*~*~ (stealth).
   905 | D:1      | 905 ||| UPGRADING to +5 ring of evasion.
   906 | D:1      | 906 ||| READING scroll labelled FOEWKAKEKH.
   911 | D:1      | 911 ||| READING scroll labelled ROV TURIQA.
   912 | D:1      | 912 ||| READING 2 scrolls labelled DAAGGY SIUKKUMA.
   913 | D:1      | 913 ||| DROPPING scroll of fear.
   931 | D:1      | 931 ||| Stepping ~*~*~tactically~*~*~ (stealth).
  1004 | D:2      | 1004 ||| Stepping ~*~*~tactically~*~*~ (hiding).
  1007 | D:2      | 1007 ||| Stepping ~*~*~tactically~*~*~ (hiding).
  1080 | D:2      | Noticed Robin
  1081 | D:2      | 1081 ||| Stepping ~*~*~tactically~*~*~ (stealth).
  1088 | D:2      | Killed Robin
  1089 | D:2      | Reached skill level 1 in Throwing
  1089 | D:2      | Reached XP level 4. HP: 20/28 MP: 4/4
  1193 | D:2      | 1193 ||| Stepping ~*~*~tactically~*~*~ (stealth).
  1208 | D:2      | Noticed Jessica
  1218 | D:2      | Killed Jessica
  1219 | D:2      | Reached skill level 4 in Axes
  1269 | D:2      | Found a hazy altar of Hepliaklqana.
  1411 | D:2      | Reached XP level 5. HP: 30/32 MP: 5/5
  1480 | D:2      | 1480 ||| UPGRADING to +0 helmet.
  1485 | D:2      | 1485 ||| READING scroll labelled XYREEDIUNECK.
  1486 | D:2      | 1486 ||| READING scroll labelled KAMOSU AZUYGRICU.
  1584 | D:3      | Found an ornate altar of the Wu Jian Council.
  1684 | D:3      | Found a stormy altar of Qazlal.
  1695 | D:3      | Found a shadowy altar of Dithmenos.
  1869 | D:3      | 1869 ||| Stepping ~*~*~tactically~*~*~ (hiding).
  1877 | D:3      | 1877 ||| Stepping ~*~*~tactically~*~*~ (hiding).
  1879 | D:3      | 1879 ||| Stepping ~*~*~tactically~*~*~ (hiding).
  2088 | D:3      | Found a sparkling altar of Nemelex Xobeh.
  2485 | D:3      | 2485 ||| UPGRADING to +0 chain mail.
  2495 | D:3      | 2495 ||| DROPPING +0 scale mail.
  2496 | D:3      | 2496 ||| READING scroll labelled WUUKHLU MEYGA.
  2497 | D:3      | 2497 ||| READING 3 scrolls labelled BUTIEL WUTI.
  2498 | D:3      | 2498 ||| DRINKING 2 bubbling emerald potions.
  2499 | D:3      | 2499 ||| DRINKING 2 metallic silvery potions.
  2500 | D:3      | 2500 ||| DROPPING potion of degeneration.
  2501 | D:3      | 2501 ||| DROPPING 2 scrolls of vulnerability.
  2551 | D:4      | 2551 ||| PLANNING SEWER
  2552 | D:4      | Reached skill level 5 in Axes
  2616 | D:4      | Noticed an ogre
  2623 | D:4      | Killed an ogre
  2624 | D:4      | Reached XP level 6. HP: 39/39 MP: 6/6
  2701 | D:4      | Noticed Blork the orc
  2714 | D:4      | Killed Blork the orc
  2826 | D:4      | Noticed a wyvern
  2841 | D:4      | 2841 ||| Stepping ~*~*~tactically~*~*~ (stealth).
  2842 | D:4      | 2842 ||| Stepping ~*~*~tactically~*~*~ (stealth).
  2847 | D:4      | 2847 ||| Stepping ~*~*~tactically~*~*~ (stealth).
  2861 | D:4      | Killed a wyvern
  2862 | D:4      | Reached skill level 6 in Axes
  2862 | D:4      | Reached XP level 7. HP: 16/44 MP: 7/7
  3038 | D:4      | Found a staircase to the Ecumenical Temple.
  3072 | D:4      | Noticed Pikel
  3086 | D:4      | HP: 6/44 [Pikel/+1 whip of flaming (10)]
  3086 | D:4      | Slain by Pikel

Levels and vault maps discovered:
D:1:      saegor_arrival_simple_b, layout_loops_ring,
          hellmonk_ecumenical_altar_defaced_shrine, minmay_misc_feat_five,
          chequers_serial_rivers_small_a, st_stairs_7,
          dreamdust_princess_corridor, nicolae_grassy_gnolls
D:2:      layout_rooms, basic_altar, uniq_jessica, uniq_robin
D:3:      layout_basic, nicolae_overflow_quartered_altars,
          minmay_goblin_kobold_house
D:4:      minmay_chambers_of_fours, layout_basic,
          minmay_temple_entry_metal_lava, portal_sewer_entry_b, minivault_1,
          uniq_pikel, uniq_blork_the_orc

Skill      XL: |  1  2  3  4  5  6 |
---------------+-------------------+-----
Axes           | 2 3 4 5 6 |  6.3
Throwing       | 1 |  1.1
Fighting       | 4 |  4.4
Armour         | |  3.2
Dodging        | |  0.7
Shields        | |  3.2

Action                     |  1- 3 |  4- 6 |  7- 9 || total
---------------------------+-------+-------+-------++-------
  Melee: War axe           |    86 |    83 |    12 ||   181
  Throw: Javelin           |     6 |    50 |     5 ||    61
    Use: Scroll            |     3 |     4 |       ||     7
         Potion            |       |     2 |       ||     2
 Armour: Scale mail        |    39 |    17 |       ||    56
         Chain mail        |       |     7 |     3 ||    10
  Dodge: Dodged            |    41 |    48 |    12 ||   101
  Block: Buckler           |    17 |    13 |     4 ||    34

Table legend:
 A = Non-vault XP
 B = Vault XP
 C = Vault XP percentage of total XP
 D = Non-vault monster count
 E = Vault monster count
 F = Vault count percentage of total count
                 A         B        C        D         E       F
            +---------+---------+-------+---------+---------+-------
      Total |     375 |     433 |  53.6 |      64 |      28 |  30.4
            +---------+---------+-------+---------+---------+-------
        D:1 |      46 |      24 |  34.3 |      30 |       6 |  16.7
        D:2 |      36 |      71 |  66.4 |       8 |      12 |  60.0
        D:3 |      84 |       5 |   5.6 |      20 |       3 |  13.0
        D:4 |     209 |     333 |  61.4 |       6 |       7 |  53.8
            +---------+---------+-------+---------+---------+-------
